 Dungeon Crawl Stone Soup version 0.29-a0-284-gf9362112df (webtiles) character file.

Game seed: 17164260358323173095

3483 siradein the Magician (level 10, -7/72 HPs)
             Began as a Djinni Necromancer on Mar 17, 2022.
             Was a Follower of Makhleb.
             Mangled by a two-headed ogre
             ... wielding a +0 giant club
              (34 damage)
             ... on level 8 of the Dungeon.
             The game lasted 00:18:42 (8499 turns).

siradein the Magician (Djinni Necromancer)          Turns: 8499, Time: 00:18:43

Health: -7/72      AC: 14    Str:  7    XL:     10   Next: 27%
Gold:   276        EV: 12    Int: 31    God:    Makhleb [*.....] SH:  0 Dex: 14

rFire   + + +      SeeInvis .   r - +5 mace "Waatz" {drain, rPois Int+4}
rCold   x . .      Faith    .   (no shield)
rNeg    . . .      Spirit   .   y - +3 ring mail {rF+}
rPois   ∞          Reflect  .   (no helmet)
rElec   .          Harm     .   v - +0 cloak
rCorr   .          Rampage  .   (no gloves)
Will    +....                   (boots unavailable)
Stlth   +.........              (no amulet)
HPRegen 0.22/turn               B - +6 ring of intelligence
MPRegen 0.00/turn               q - +4 ring of protection

@: flying
A: sickness immunity, fire resistance 2, cold vulnerability 1, float, innate
caster, HP casting, extra vitality 1
a: Renounce Religion


You were on level 8 of the Dungeon.
You worshipped Makhleb.
Makhleb was aware of your devotion.
You visited 2 branches of the dungeon, and saw 9 of its levels.
You also visited: Sewer.

You collected 458 gold pieces.
You spent 182 gold pieces at shops.

Inventory:

Hand Weapons
 j - a +0 falchion
 r - the +5 mace "Waatz" (weapon) {drain, rPois Int+4}
   (You found it on level 3 of the Dungeon)

   A truly terrible weapon, it drains the life of any living foe it strikes.
   Int:       It affects your intelligence (+4).
   rPois:     It protects you from poison.
Armour
 v - a +0 cloak (worn)
 y - a +3 ring mail of fire resistance (worn)
Jewellery
 d - a ring of positive energy
 e - a +6 ring of dexterity
 p - a ring of resist corrosion
 q - a +4 ring of protection (right hand)
 u - a +6 ring of dexterity
 w - a ring of ice
 B - a +6 ring of intelligence (left hand)
Scrolls
 a - 6 scrolls of teleportation
 b - a scroll of blinking {unknown}
 c - 4 scrolls of enchant armour
 g - a scroll of torment {unknown}
 h - 3 scrolls of immolation
 i - 2 scrolls of fog
 l - a scroll of noise {unknown}
 m - a scroll of magic mapping {unknown}
 n - 2 scrolls of fear {unknown}
 s - 3 scrolls of silence {unknown}
 t - 2 scrolls of enchant weapon {unknown}
 C - a scroll of amnesia {unknown}
Potions
 f - a potion of might {unknown}
 k - 2 potions of curing
 o - 2 potions of magic {unknown}
 x - 2 potions of haste
 z - 2 potions of berserk rage {unknown}
 A - a potion of mutation {unknown}
 D - a potion of flight {unknown}


   Skills:
 + Level 5.7 Fighting
 + Level 5.2 Long Blades
 + Level 3.8 Armour
 + Level 6.8 Dodging
 - Level 1.5 Stealth
 * Level 7.3 Spellcasting
 + Level 1.7 Invocations


You had one spell level left.
You knew the following spells:

 Your Spells              Type           Power      Damage    Failure   Level
a - Vampiric Draining     Necr           54%        2d9       1%          3
b - Animate Dead          Necr           27%        N/A       7%          4
c - Pain                  Necr           100%       1d9       1%          1
d - Animate Skeleton      Necr           100%       N/A       1%          1
e - Agony                 Necr           54%        N/A       19%         5
f - Apportation           Tloc           100%       N/A       1%          1
g - Ensorcelled Hibernat  Hex/Ice        100%       N/A       1%          2
h - Call Imp              Summ           54%        N/A       1%          2
i - Tukima's Dance        Hex            54%        N/A       1%          3
Your spell library was empty.

Dungeon Overview and Level Annotations

Branches:
Dungeon (8/15)             Temple (1/1) D:7           Sewer (visited)
   Lair: D:8-11

Altars:
Ashenzari
Cheibriados
Dithmenos
Elyvilon
Gozag
Hepliaklqana
Kikubaaqudgha
Makhleb
Nemelex Xobeh
Okawaru
Qazlal
Ru
Sif Muna
Trog
Uskayaw
Vehumet
Wu Jian
Xom
Yredelemnul
Zin
The Shining One

Shops:
D:6 [   D:8 *


Innate Abilities, Weirdness & Mutations

You are immune to sickness and miasma.
You are immune to poison.
Your flesh is very heat resistant. (rF++)
You are vulnerable to cold. (rC-)
You float through the air rather than walking.
You learn spells naturally, not from books.
Your magical power is your life essence.
You have superior vitality. (+4 MHP)


Message History

You feel life coursing into your body.
A two-headed ogre comes into view.
It is wielding a +0 giant club and a +0 dire flail.
Casting: Vampiric Draining (safe; 1% risk of failure)
Confirm with . or Enter, or press ? or * to list all spells.
Aiming: Vampiric Draining (safe; 1% risk of failure)
Press: ? - help, Shift-Dir - straight line, f - orc
Aim: an orc, wielding a +0 dagger and wearing a +0 leather armour You draw life force from the orc!
You kill the orc!
Makhleb accepts your kill.
You feel life coursing into your body.
Casting: Vampiric Draining (safe; 1% risk of failure)
Confirm with . or Enter, or press ? or * to list all spells.
Aiming: Vampiric Draining (safe; 1% risk of failure)
Press: ? - help, Shift-Dir - straight line, f - orc
Aim: an orc, wielding a +0 hand axe and wearing a +4 ring mail You draw life force from the orc.
You feel life coursing into your body. The orc hits you but does no damage.
Unknown command.
Casting: Vampiric Draining (safe; 1% risk of failure)
Confirm with . or Enter, or press ? or * to list all spells.
There is nothing nearby to animate!
Casting: Animate Dead (dangerous; 7% risk of failure)
Confirm with . or Enter, or press ? or * to list all spells.
Aiming: Vampiric Draining (safe; 1% risk of failure)
Press: ? - help, Shift-Dir - straight line, f/p - orc
Aim: an orc, wielding a +0 hand axe and wearing a +4 ring mail (severely wounded)
You draw life force from the orc.
You kill the orc!
Makhleb accepts your kill.
You feel life coursing into your body.
Casting: Vampiric Draining (safe; 1% risk of failure)
Confirm with . or Enter, or press ? or * to list all spells.
Aiming: Vampiric Draining (safe; 1% risk of failure)
Press: ? - help, Shift-Dir - straight line, f - two-headed ogre
Aim: a two-headed ogre, wielding a +0 giant club and a +0 dire flail You draw life force from the two-headed ogre.
You feel life coursing into your body.
The two-headed ogre hits you with a +0 giant club!!
You die...

#..# # ###..#
.##....# ......)
#>..$## ...o.
#.O# # ### #.@# .
.. #..# # #. #..#
## #.## #..# .#
#..# #..# >##
#######.###..# ..
.............# #
............##
##.########.#####


You could see a two-headed ogre and an orc.

Vanquished Creatures
  Maggie (D:8)
  Sigmund (D:4)
  2 steam dragons (D:7)
  Duvessa (D:5)
  A water moccasin (Sewer)
  2 orc warriors (D:7)
  3 black bears
  3 sky beasts
  An ogre (D:5)
  A phantom (D:7)
  2 kobold brigands
  A gnoll sergeant (D:5)
  2 bullfrogs
  3 scorpions
  Dowan (D:5)
  10 killer bees
  2 howler monkeys (D:8)
  4 hounds
  2 jellies (D:5)
  3 iguanas
  An orc wizard (D:7)
  7 gnolls
  5 adders
  A shadow imp (D:6)
  A dart slug (D:4)
  21 orcs
  6 endoplasms
  2 giant cockroaches
  2 goblins (D:4)
  4 hobgoblins
  4 jackals
  2 quokkas
  3 bats
  2 frilled lizards
  14 kobolds
  3 rats
124 creatures vanquished.

Vanquished Creatures (collateral kills)
  A shadow (D:7)
  An orc (D:6)
  2 kobolds (D:8)
4 creatures vanquished.

Vanquished Creatures (others)
  A dancing weapon (D:6)
  An orc priest (D:7)
2 creatures vanquished.

Grand Total: 130 creatures vanquished

Notes
Turn   | Place    | Note
-------+----------+-------------------------------------------
     0 | D:1      | siradein the Djinni Necromancer began the quest for the
                  | Orb.
     0 | D:1      | Reached XP level 1. HP: 15/15 MP: 0/0
   361 | D:1      | Found a faded altar of an unknown god.
   386 | D:1      | Reached XP level 2. HP: 22/22 MP: 0/0
  2233 | D:3      | Reached XP level 3. HP: 26/26 MP: 0/0
  2233 | D:3      | Learned a level 1 spell: Apportation
  2521 | D:3      | Identified the +5 mace "Waatz" {drain, rPois Int+4}
  2530 | D:3      | Reached skill level 1 in Fighting
  2782 | D:4      | Noticed Sigmund
  2791 | D:4      | Reached XP level 4. HP: 28/32 MP: 0/0
  2896 | D:4      | Killed Sigmund
  2897 | D:4      | Reached skill level 1 in Long Blades
  2897 | D:4      | Reached skill level 4 in Spellcasting
  2897 | D:4      | Reached XP level 5. HP: 23/38 MP: 0/0
  2897 | D:4      | Learned a level 2 spell: Ensorcelled Hibernation
  2897 | D:4      | Reached XP level 6. HP: 26/43 MP: 0/0
  4693 | D:5      | Entered Level 5 of the Dungeon
  4864 | D:5      | Reached XP level 7. HP: 48/49 MP: 0/0
  4864 | D:5      | Learned a level 2 spell: Call Imp
  5245 | D:5      | Reached skill level 5 in Spellcasting
  5456 | D:5      | Noticed Duvessa
  5459 | D:5      | Noticed Dowan
  5468 | D:5      | Killed Duvessa
  5469 | D:5      | Reached XP level 8. HP: 38/56 MP: 0/0
  5474 | D:5      | Killed Dowan
  5873 | D:6      | Found a white marble altar of Elyvilon.
  5892 | D:6      | Reached skill level 5 in Dodging
  5991 | D:6      | Found a glowing drain.
  6003 | Sewer    | Entered a sewer
  6087 | Sewer    | Reached skill level 1 in Armour
  6087 | Sewer    | Reached skill level 6 in Spellcasting
  6340 | D:6      | Found Gozxiak's Antique Armour Shop.
  6450 | D:6      | Bought a shiny ring mail for 182 gold pieces
  6586 | D:6      | Reached XP level 9. HP: 63/63 MP: 0/0
  6586 | D:6      | Learned a level 3 spell: Tukima's Dance
  7322 | D:7      | Reached skill level 5 in Fighting
  7662 | D:7      | Found a staircase to the Ecumenical Temple.
  7814 | Temple   | Entered the Ecumenical Temple
  7934 | Temple   | Became a worshipper of Makhleb the Destroyer
  8025 | D:7      | Reached skill level 7 in Spellcasting
  8025 | D:7      | Reached XP level 10. HP: 65/70 MP: 0/0
  8069 | D:7      | Found a glowing silver altar of Zin.
  8306 | D:8      | Found Totar's Assorted Antiques.
  8362 | D:8      | Noticed Maggie
  8371 | D:8      | Killed Maggie
  8372 | D:8      | Reached skill level 5 in Long Blades
  8372 | D:8      | Reached skill level 1 in Invocations
  8495 | D:8      | Reached * piety under Makhleb
  8495 | D:8      | Noticed a two-headed ogre
  8499 | D:8      | Mangled by a two-headed ogre

Illustrated notes

Levels and vault maps discovered:
D:1:      dpeg_arrival_central, layout_loops_ring,
          shapermc_ecumenical_altar_mp_highgroup, minivault_11,
          minmay_misc_feat_pillars
D:2:      layout_basic
D:3:      layout_basic, serial_forest, infiniplex_forest_3_way,
          infiniplex_forest_clump_tiny, infiniplex_forest_end_3,
          infiniplex_forest_lined_3, infiniplex_forest_lined_room_2,
          infiniplex_forest_clump_small
D:4:      layout_cave_pools, uniq_sigmund
D:5:      layout_basic, cheibrodos_gnoll_hut, uniq_duvessa
D:6:      layout_cave_pools, mainiacjoe_overflow_large_starburst,
          portal_sewer_entry_d, serial_co_window_serial, co_window_cross_1,
          co_window_cross_1, co_window_paths_b, co_window_paths_a,
          co_window_paths_b, co_window_paths_c, co_window_corner_b,
          co_window_broadway_a, glass_columns_a, glass_columns_b,
          glass_columns_a, glass_columns_b, glass_columns_b, serial_shops,
          nicolae_inconvenience_store, grunt_ministairs_6
D:7:      layout_cave_pods, mainiacjoe_overflow_small_starburst,
          minmay_temple_entry_enclosed_plants
D:8:      layout_loops_ring, serial_shops, nicolae_shop_trees, enter_bailey_2,
          uniq_maggie
Temple:   mainiacjoe_temple_bowtie_tessellation

Skill      XL: |  1  2  3  4  5  6  7  8  9 10 |
---------------+-------------------------------+-----
Fighting       | 1 2 3 4 5 |  5.7
Long Blades    | 1 2 3 4 5 |  5.2
Dodging        | 3 4 5 6 |  6.8
Spellcasting   | 4 5 6 7 |  7.3
Armour         | 1 3 |  3.8
Invocations    | 1 |  1.7
Stealth        | |  1.5

Action                   |  1- 3 |  4- 6 |  7- 9 | 10-12 || total
-------------------------+-------+-------+-------+-------++-------
Melee: Short sword       |    23 |       |       |       ||    23
       Unarmed           |     7 |       |       |       ||     7
       Punch             |     3 |       |       |       ||     3
       Mace              |    46 |    53 |    33 |       ||   132
       Falchion          |    10 |       |       |       ||    10
 Cast: Pain              |     2 |       |       |       ||     2
       Vampiric Draining |       |    14 |   127 |    40 ||   181
       Animate Dead      |       |       |     1 |     2 ||     3
       Call Imp          |       |       |     1 |       ||     1
       Tukima's Dance    |       |       |     1 |       ||     1
  Use: Scroll            |       |       |     7 |       ||     7
 Stab: Sleeping          |     2 |       |       |       ||     2
Armor: Robe              |     3 |       |       |       ||     3
       Leather armour    |    14 |    13 |    24 |       ||    51
       Ring mail         |       |       |    45 |    26 ||    71
Dodge: Dodged            |    83 |    59 |   107 |    40 ||   289

Table legend: (Time is in decaauts)
 A = Elapsed time spent in this place.
 B = Non-inter-level travel time spent in this place.
 C = Inter-level travel time spent in this place.
 D = Time resting spent in this place.
 E = Time spent auto-exploring this place.
 F = Levels seen in this place.
 G = Mean time per level.
                   A        B        C        D        E       F      G
               +--------+--------+--------+--------+--------+-----+--------+
         Total |   8558 |   8293 |    265 |   1167 |   5634 |  10 |  855.8 |
       Dungeon |   8228 |   7975 |    253 |   1167 |   5365 |   8 | 1028.5 |
        Temple |    132 |    121 |     11 |      0 |    104 |   1 |  132.0 |
         Sewer |    196 |    196 |      0 |      0 |    165 |   1 |  196.0 |
               +--------+--------+--------+--------+--------+-----+--------+

Top non-repeatable levels by time:
     D:3: 1628 daAuts
     D:7: 1291 daAuts
     D:2: 1123 daAuts
     D:5: 1074 daAuts
     D:1: 1024 daAuts
     D:4: 963 daAuts
     D:6: 928 daAuts
   Sewer: 196 daAuts
     D:8: 194 daAuts
  Temple: 132 daAuts
